[Event "Pobeskydi 2026"]
[Site "Frydek-Mistek, Czech Republic"]
[Date "2026.04.04"]
[Round "5.5"]
[White "Ocelak, David"]
[Black "Kendall, Arthur"]
[Result "1-0"]
[TimeControl "90 min+30s/move"]
[WhiteTitle "-"]
[BlackTitle "-"]
[WhiteFideId "23728795"]
[BlackFideId "343410960"]
[WhiteElo "2009"]
[BlackElo "2032"]

1. e4 e6 2. d4 d5 3. Nd2 dxe4 4. Nxe4 Nd7 5. g3 Ngf6 6. Nxf6+ Nxf6 7. Bg2 c5 8. Ne2 Be7 9. O-O O-O 10.
dxc5 Qxd1 11. Rxd1 Bxc5 12. Nc3 Ng4 13. Ne4 Bb6 14. h3 Ne5 15. Bf4 Nc6 16. Bd6 Re8 17. Bc5 Bxc5 18. Nxc5 e5 19.
b3 Kf8 20. c3 Ke7 21. a4 Rd8 22. b4 Rxd1+ 23. Rxd1 Rb8 24. a5 Nd8 25. b5 b6 26. axb6 Rxb6 27. c4 a6 28. Na4 Rb8 29.
b6 Bb7 30. c5 Rc8 31. Rxd8 1-0

[Event "Pobeskydi 2026"]
[Site "Frydek-Mistek, Czech Republic"]
[Date "2026.04.04"]
[Round "5.6"]
[White "Szumiec, Jan"]
[Black "Langmaier, Michal"]
[Result "1/2-1/2"]
[TimeControl "90 min+30s/move"]
[WhiteTitle "-"]
[BlackTitle "-"]
[WhiteFideId "41815661"]
[BlackFideId "23727705"]
[WhiteElo "1826"]
[BlackElo "1949"]

1. e4 c5 2. Nf3 e6 3. d4 cxd4 4. Nxd4 a6 5. c4 Nf6 6. Nc3 Bb4 7. Qd3 d5 8. exd5 exd5 9. Be2 O-O 10.
O-O Nc6 11. Nxc6 bxc6 12. cxd5 cxd5 13. Rd1 Be6 14. Bf3 Qa5 15. Bd2 Rad8 16. a3 Bxc3 17. Bxc3 Qb5 18. Qe3 Ne4 19. Bxe4 dxe4 20.
Qxe4 Qg5 21. Qe5 Qxe5 22. Bxe5 Bb3 23. Rxd8 Rxd8 24. Bc3 Rd1+ 25. Rxd1 Bxd1 26. Kf1 g6 27. Ke1 Bb3 28. Kd2 Kf8 29.
Bd4 a5 30. Bf6 Ke8 31. Ke3 Kd7 32. Kf4 Ke6 33. Bc3 a4 34.
Kg5 h5 35. f3 Bd1 36. Bd4 1/2-1/2

[Event "Pobeskydi 2026"]
[Site "Frydek-Mistek, Czech Republic"]
[Date "2026.04.04"]
[Round "5.7"]
[White "Durana, Jonas"]
[Black "Kovacik, Oliver"]
[Result "1-0"]
[TimeControl "90 min+30s/move"]
[WhiteTitle "-"]
[BlackTitle "-"]
[WhiteFideId "73619663"]
[BlackFideId "2321963"]
[WhiteElo "2183"]
[BlackElo "1969"]

1. e4 c6 2. d4 d5 3. e5 Bf5 4. Nd2 e6 5. Nb3 c5 6. dxc5 Bxc5 7. Nxc5 Qa5+ 8. c3 Qxc5 9. Be3 Qc7 10.
f4 Nc6 11. Nf3 Nge7 12. Be2 h6 13. O-O O-O 14. Qa4 Rac8 15. Rac1 a6 16. Nd4 Nxd4 17. Bxd4 Nc6 18. Be3 Qa5 19.
Qb3 b5 20. Rfd1 Rfd8 21. Bd4 Be4 22. h3 Nxd4 23. Rxd4 Qb6 24. Rf1 Rc4 25. Bxc4 dxc4 26. Qd1 Bd3 27. Rf2 Rxd4 28. cxd4
Qxd4 29. Qf3 Be4 30. Qc3 Qc5 31. a3 Bd3 32. Qd2 Qd4 33. Kh2 h5 34. Rf1 a5 35. Rd1 g6 36. Kh1 Kg7 37. Re1 b4 38.
axb4 axb4 39. Qxb4 Qxf4 40. Qc3 Qf2 41. Rd1 Be4 42. Rd2 Qf1+ 43. Kh2 Qf4+ 44. Kg1 Bd3 45. Rd1 Qe3+ 46. Kh1 Qf2 47.
Qd2 Qxd2 48. Rxd2 Be4 49. Rf2 g5 50. h4 Bf5 51. hxg5 Kg6 52. Rf4 Bd3 53. Kh2 Kxg5 54. Rxf7 Kg4 55. Rf2 Be4 56. g3 Bd3 57. Rf4+ Kg5 58. Kg2 h4 59. Rxh4 Kf5 60. Kf3 Kxe5 61. Rf4 Kd5 62. Ke3 Kc5 63. g4 Kb4 64. Kd2 Kb3 65. Rf3 1-0

[Event "Pobeskydi 2026"]
[Site "Frydek-Mistek, Czech Republic"]
[Date "2026.04.04"]
[Round "5.8"]
[White "Sarkozi, Szabolcs"]
[Black "Lee, Yuk Hei"]
[Result "1/2-1/2"]
[TimeControl "90 min+30s/move"]
[WhiteTitle "-"]
[BlackTitle "-"]
[WhiteFideId "14941660"]
[BlackFideId "343411061"]
[WhiteElo "2117"]
[BlackElo "1960"]

1. e4 c6 2. d4 d5 3. e5 c5 4. dxc5 e6 5. Be3 Nd7 6. Nc3 Bxc5 7. Bxc5 Nxc5 8. Qg4 Kf8 9. O-O-O Ne7 10.
Nf3 Bd7 11. h4 h5 12. Qf4 Rc8 13. Nd4 Qc7 14. Qe3 a6 15. f4 b5 16. Bd3 b4 17. Nce2 a5 18. Kb1 a4 19. Rc1 Qb6 20.
g4 hxg4 21. h5 Nxd3 22. Qxd3 Nc6 23. Nxc6 Rxc6 24. Qg3 Qc5 25. Qxg4 a3 26. Rhg1 Rh7 27. b3 d4 28. Rgd1 g6 29.
hxg6 Rg7 30. Qh4 Rxg6 31. Rxd4 Ke8 32. Qh8+ Ke7 33. Qh4+ Ke8 34. Rxd7 Kxd7 35. Rd1+ Kc7 36. Qd8+ Kb7 37.
Rd7+ Rc7 38. Rxc7+ Qxc7 39. Qf8 Rg2 40. Qxb4+ Qb6 41. Qe7+ Kc8 42. Qe8+ Kb7 43. Qd7+ Kb8 44. Qe8+ Ka7 45.
Qe7+ Kb8 46. Qf8+ Kb7 47. Qe7+ Kc6 48. Qd6+ Kb7 1/2-1/2

[Event "Pobeskydi 2026"]
[Site "Frydek-Mistek, Czech Republic"]
[Date "2026.04.04"]
[Round "5.9"]
[White "Zidek, Damian"]
[Black "Boff, Ondrej"]
[Result "0-1"]
[TimeControl "90 min+30s/move"]
[WhiteTitle "-"]
[BlackTitle "-"]
[WhiteFideId "23761652"]
[BlackFideId "23733950"]
[WhiteElo "1962"]
[BlackElo "2101"]

1. d4 Nf6 2. Nc3 d5 3. Bg5 c6 4. e3 h6 5. Bh4 e6 6. Bd3 Be7 7. Nge2 Nbd7 8. O-O O-O 9. Nb1 a6 10. c4 dxc4 11. Bxc4 b5 12.
Bd3 c5 13. Nd2 Bb7 14. a4 c4 15. Bc2 Rc8 16. axb5 axb5 17. Bxf6 Nxf6 18. Ng3 Qb6 19. Nh5 b4 20. Nxf6+ Bxf6 21. Be4 Be7 22. Bxb7 Qxb7 23. Qf3 Qb6 24. Rab1 Rc7 25.
Rfc1 Rfc8 26. Qe2 c3 27. bxc3 Rxc3 28. Rxc3 Rxc3 29. Ne4 Rc8 30. h3 b3 31. Qb2 Rc2 32. Qxb3 Rc1+ 33. Rxc1 Qxb3 34.
Nc5 Qb2 35. Nd3 Qd2 36. Rc8+ Kh7 37. Re8 Bd6 38. Ne5 Bxe5 39. dxe5 Qe1+ 40. Kh2 Qxf2 41. Ra8 Qxe3 42. Ra5 Qf4+ 43.
Kh1 Qb4 44. Ra7 Qe1+ 45. Kh2 Qxe5+ 0-1

[Event "Pobeskydi 2026"]
[Site "Frydek-Mistek, Czech Republic"]
[Date "2026.04.04"]
[Round "5.10"]
[White "Dobsa, Emma"]
[Black "Durovka, Marek"]
[Result "0-1"]
[TimeControl "90 min+30s/move"]
[WhiteTitle "-"]
[BlackTitle "-"]
[WhiteFideId "23709391"]
[BlackFideId "14959542"]
[WhiteElo "1921"]
[BlackElo "2054"]

1. e4 e6 2. d4 d5 3. Nd2 c5 4. Ngf3 cxd4 5. Nxd4 Nc6 6. Bb5 Bd7 7. Nxc6 Bxc6 8. Bxc6+ bxc6 9. c4 d4 10.
Nf3 c5 11. Ne5 Qa5+ 12. Bd2 Qa6 13. Qf3 Qb7 14. O-O Nf6 15. Rfe1 Be7 16. Qg3 O-O 17. Bh6 Ne8 18. Nd3 Kh8 19.
Bd2 Rc8 20. e5 Bd8 21. b4 cxb4 22. Bxb4 Be7 23. Rab1 Rxc4 24. Bd6 Qd7 25. Rb8 Nxd6 26. Rxf8+ Bxf8 27. exd6 Qxd6 28. Ne5 Qc7 29. Nxc4 Qxc4 30. Qb8 Qc5 31. g3 Kg8 32. Rb1 d3 33. Qd8 Qc3 34. Rd1 Qc2 35. Rxd3 Qxa2 36. h4 Qb1+ 37. Rd1 Qb6 38. Qa8 a5 39.
Ra1 g6 40. Rxa5 Kg7 41. Ra1 Bc5 42. Qf3 Bd4 43. Rd1 e5 44. Kg2 Qf6 45. Qe2 Qc6+ 46. Kh2 Qf6 47. Rd2 h5 48. Kg1 Qf5 49.
Rd3 Kh7 50. Rf3 Qb1+ 51. Kh2 Kg7 52. Qa6 Qb6 53. Qc4 Qb7 54. Rb3 Qe4 55. Qf1 Qc2 56. Rf3 e4 57. Ra3 Bxf2 58. Kh3 Qc5 59.
Ra4 Qf5+ 60. Kh2 Bxg3+ 61. Kg2 Qxf1+ 62. Kxf1 f5 63. Ra7+ Kh6 64. Kg2 Bxh4 65. Ra4 Bf6 66. Ra6 Kg5 67.
Kf2 Be5 68. Ra5 Kf4 69. Ra3 Bd4+ 70. Kg2 g5 71. Rh3 h4 72. Rh1 Kg4 73. Re1 h3+ 74. Kh1 Bf2 75. Re2 Kf3 76. Ra2 e3 77.
Ra3 g4 78. Rb3 Be1 79. Rb1 Kf2 80. Rb5 f4 81. Rg5 Kf3 82. Rb5 g3 83. Rg5 g2+ 84. Kh2 Bg3+ 0-1

[Event "Pobeskydi 2026"]
[Site "Frydek-Mistek, Czech Republic"]
[Date "2026.04.04"]
[Round "5.11"]
[White "Bjolek, Jan"]
[Black "Vancakova, Veronika"]
[Result "1/2-1/2"]
[TimeControl "90 min+30s/move"]
[WhiteTitle "-"]
[BlackTitle "-"]
[WhiteFideId "23725800"]
[BlackFideId "23731907"]
[WhiteElo "2026"]
[BlackElo "1937"]

1. d4 Nf6 2. Bf4 d6 3. Nc3 Nbd7 4. Nf3 c6 5. e4 Qa5 6. Qd2 e5 7. Bg3 Be7 8. a3 O-O 9. Bd3 Re8 10.
O-O Qc7 11. Rfe1 Nh5 12. dxe5 dxe5 13. Bc4 Nxg3 14. hxg3 b5 15. Ba2 Nc5 16. Nd1 h6 17. Qc3 Bf8 18. Nh4 Kh7 19. Qf3 Be6 20.
Bxe6 Nxe6 21. Qc3 Nc5 22. b4 Na4 23. Qb3 Red8 24. Ne3 Rd4 25. Nf3 Rd7 26. c4 Rad8 27. cxb5 cxb5 28. Rac1 Qb8 29.
Nd5 f6 30. Rc6 Rd6 31. Rec1 Rxc6 32. Rxc6 Nb6 33. Nxb6 axb6 34. Qf7 Rd1+ 35. Kh2 Qd8 36. Rc7 Rf1 37. Rd7 Qc8 38. Nh4 Rxf2 39. Qg6+ Kh8 40. Rf7 Qd8 41. Nf5 Rxf5 42.
Qxf5 Kg8 43. Qe6 Kh7 44. Qd7 Qa8 45. Qb7 Qd8 46. Rd7 Qe8 47. g4 Qg6 48. Qd5 Qxg4 49. Qd1 Qf4+ 50. Kh1 Qh4+ 51.
Kg1 Qg3 52. Rd8 Be7 53. Re8 Bd6 54. Qf3 Qe1+ 55. Kh2 Qh4+ 56. Kg1 Qe1+ 57. Kh2 Qh4+ 58. Kg1 Qe1+ 59. Kh2 Qh4+ 60. Kg1 1/2-1/2

[Event "Pobeskydi 2026"]
[Site "Frydek-Mistek, Czech Republic"]
[Date "2026.04.04"]
[Round "6.1"]
[White "Gnojek, Petr"]
[Black "Karas, Marek"]
[Result "1-0"]
[TimeControl "90 min+30s/move"]
[WhiteTitle "-"]
[BlackTitle "-"]
[WhiteFideId "371807"]
[BlackFideId "14928558"]
[WhiteElo "2401"]
[BlackElo "2232"]

1. d4 d5 2. c4 c6 3. Nf3 e6 4. Nc3 dxc4 5. a4 Bb4 6. e3 b5 7. Bd2 a5 8. axb5 Bxc3 9. Bxc3 cxb5 10.
b3 Bb7 11. bxc4 b4 12. Bb2 Nf6 13. c5 O-O 14. Bb5 Bc6 15. Ba4 Bxa4 16. Rxa4 Qd5 17. O-O Nc6 18. Qe2 Ne4 19. Rfa1 f5 20.
Ne1 e5 21. f3 Nc3 22. Bxc3 bxc3 23. Qc4 Rfd8 24. Nc2 Qxc4 25. Rxc4 f4 26. dxe5 Nxe5 27. Rxc3 fxe3 28. Nxe3 Nc6 29.
Nc4 Rd4 30. Kf2 h6 31. g4 Ra7 32. Kg3 Rd5 33. Nb6 Rd2 34. Re1 a4 35. Ra3 Rc2 36. Rxa4 Rxc5 37. Rxa7 Nxa7 38. Re7 Nb5 39.
Nd7 Rc3 40. Ne5 Re3 41. Kf4 Re2 42. h4 Nc3 43. Re8+ Kh7 44. Rd8 Re1 45. h5 Rd1 46. Ra8 Nd5+ 47. Kf5 Nf6 48. f4 Rf1 49. Nf7 Ng8 50. g5 hxg5 51.
Nxg5+ Kh8 52. Kg6 Rg1 53. Kf7 1-0

[Event "Pobeskydi 2026"]
[Site "Frydek-Mistek, Czech Republic"]
[Date "2026.04.04"]
[Round "6.2"]
[White "Walek, Petr"]
[Black "Skorupa, Tobias"]
[Result "1-0"]
[TimeControl "90 min+30s/move"]
[WhiteTitle "-"]
[BlackTitle "-"]
[WhiteFideId "339393"]
[BlackFideId "23777494"]
[WhiteElo "2304"]
[BlackElo "1859"]

1. e4 e5 2. d4 exd4 3. Qxd4 Nc6 4. Qd3 Nf6 5. Nc3 Bc5 6. Bf4 d6 7. Qd2 O-O 8. O-O-O a6 9. f3 b5 10. Bg5 Be6 11. Nge2 h6 12.
Be3 Bxe3 13. Qxe3 Qe7 14. Nf4 Ne5 15. g4 Nc4 16. Bxc4 Bxc4 17. Rhg1 b4 18. Ncd5 Bxd5 19. Nxd5 Nxd5 20. Rxd5 c6 21. Rh5 Qe6 22.
g5 Qxa2 23. gxh6 g6 24. Qd4 f6 25. Rxg6+ Kh7 26. Rg7+ Kh8 27. Kd2 Qe6 28. Qg1 Rg8 29. Qg6 1-0

[Event "Pobeskydi 2026"]
[Site "Frydek-Mistek, Czech Republic"]
[Date "2026.04.04"]
[Round "6.3"]
[White "Ocelak, David"]
[Black "Lichorad, Mateusz"]
[Result "1/2-1/2"]
[TimeControl "90 min+30s/move"]
[WhiteTitle "-"]
[BlackTitle "-"]
[WhiteFideId "23728795"]
[BlackFideId "21817693"]
[WhiteElo "2009"]
[BlackElo "2039"]

1. Nf3 Nf6 2. b3 d5 3. Bb2 e6 4. g3 Be7 5. Bg2 O-O 6. O-O b6 7. d3 Bb7 8. Nbd2 c5 9. Re1 Nc6 10.
e4 d4 11. a4 a6 12. h4 b5 13. Nh2 e5 14. h5 h6 15. Bh3 Ne8 16. Ng4 Nd6 17. Bc1 Bg5 18. Nf3 Bxc1 19. Qxc1 Qe7 20.
Nh4 bxa4 21. Rxa4 Bc8 22. f3 Nb4 23. Nf5 Nxf5 24. exf5 f6 25. Nf2 Qc7 26. c3 dxc3 27. Qxc3 Qb6 28.
Qc4+ Kh8 29. Raa1 Bd7 30. Rac1 Rac8 31. f4 exf4 32. Qxf4 Rfe8 1/2-1/2

[Event "Pobeskydi 2026"]
[Site "Frydek-Mistek, Czech Republic"]
[Date "2026.04.04"]
[Round "6.4"]
[White "Sigut, Ondrej"]
[Black "Zeman, Daniel Nikolas"]
[Result "1/2-1/2"]
[TimeControl "90 min+30s/move"]
[WhiteTitle "-"]
[BlackTitle "-"]
[WhiteFideId "23712813"]
[BlackFideId "23717130"]
[WhiteElo "2016"]
[BlackElo "1957"]

1. e4 c5 2. Nf3 Nc6 3. Bb5 g6 4. O-O Bg7 5. c3 e5 6. d3 Nge7 7. Be3 d6 8. d4 cxd4 9. cxd4 O-O 10.
dxe5 dxe5 11. Qe2 Bg4 12. Rd1 Nd4 13. Bxd4 exd4 14. Nbd2 a6 15. Bd3 Nc6 16. h3 Be6 17. Bc4 Re8 18.
Bxe6 Rxe6 19. Nb3 Qe7 20. Re1 Rd8 21. Rad1 f5 22. Qc4 b5 23. Qc5 fxe4 24. Ng5 Qxc5 25. Nxc5 Re5 26. Ngxe4 Nb4 27.
a3 Nc6 28. f3 a5 29. Nd3 Ree8 30. Kf2 Ne5 1/2-1/2

[Event "Pobeskydi 2026"]
[Site "Frydek-Mistek, Czech Republic"]
[Date "2026.04.04"]
[Round "6.5"]
[White "Haasova, Timea"]
[Black "Szumiec, Jan"]
[Result "0-1"]
[TimeControl "90 min+30s/move"]
[WhiteTitle "-"]
[BlackTitle "-"]
[WhiteFideId "14960109"]
[BlackFideId "41815661"]
[WhiteElo "2012"]
[BlackElo "1826"]

1. e4 c6 2. d4 d5 3. e5 Bf5 4. h4 a6 5. g4 Bd7 6. Bd3 e6 7. Nf3 c5 8. c3 Nc6 9. a3 Qb6 10.
Bc2 Rc8 11. O-O Be7 12. b4 cxd4 13. cxd4 a5 14. bxa5 Nxa5 15. Ba4 Nh6 16. g5 Nf5 17. Bc2 Rxc2 18. Qxc2 Nxd4 19. Nxd4 Qxd4 20.
Qc3 Qg4+ 21. Qg3 Qxg3+ 22. fxg3 Bc5+ 23. Kh2 Bd4 24. Ra2 Bxe5 25. Bd2 Nc4 26. Bb4 f6 27. Nd2 Bb5 28. Re1 Nxd2 29.
Bxd2 Bc4 30. Rc2 Kf7 31. Bc3 Bxc3 32. Rxc3 b5 33. gxf6 gxf6 34. Kg2 e5 35. Kf3 Ra8 36. Rb1 d4 37.
Rxc4 Rxa3+ 38. Kg4 bxc4 39. Rb7+ Ke6 40. Rxh7 f5+ 41. Kh3 d3 42. Rh6+ Kd5 43. Rh8 c3 44. h5 c2 45. Rc8 d2 0-1

[Event "Pobeskydi 2026"]
[Site "Frydek-Mistek, Czech Republic"]
[Date "2026.04.04"]
[Round "6.6"]
[White "Chubar, Vladimir"]
[Black "Durana, Jonas"]
[Result "0-1"]
[TimeControl "90 min+30s/move"]
[WhiteTitle "-"]
[BlackTitle "-"]
[WhiteFideId "14101491"]
[BlackFideId "73619663"]
[WhiteElo "1885"]
[BlackElo "2183"]

1. d4 d5 2. Bf4 Nf6 3. Nc3 e6 4. e3 Bb4 5. Bd3 c5 6. dxc5 Nbd7 7. Nge2 a6 8. a3 Bxc5 9. Bg5 O-O 10.
O-O Qc7 11. Ng3 h6 12. Bxf6 Nxf6 13. Nh5 Qe5 14. Nxf6+ Qxf6 15. Qh5 Qg5 16. Qf3 Bd7 17. e4 d4 18. Ne2 e5 19. Qg3 Rae8 20.
f4 exf4 21. Qxf4 Qxf4 22. Rxf4 f5 23. Ng3 Bd6 24. Rh4 Be7 25. Rf4 Bg5 26. Rff1 fxe4 27. Rxf8+ Rxf8 28. Nxe4 Be3+ 29. Kh1 Bc6 30.
h3 Rf4 31. Ng3 Kf7 32. Re1 Bf2 33. Nh5 Rh4 34. Rf1 Rxh3# 0-1

[Event "Pobeskydi 2026"]
[Site "Frydek-Mistek, Czech Republic"]
[Date "2026.04.04"]
[Round "6.7"]
[White "Boff, Ondrej"]
[Black "Brousek, Jiri"]
[Result "1-0"]
[TimeControl "90 min+30s/move"]
[WhiteTitle "-"]
[BlackTitle "-"]
[WhiteFideId "23733950"]
[BlackFideId "314021"]
[WhiteElo "2101"]
[BlackElo "1915"]

1. e4 e6 2. d3 d5 3. Nd2 Nf6 4. Ngf3 c5 5. g3 Nc6 6. Bg2 dxe4 7. dxe4 Be7 8. O-O O-O 9. c3 Qc7 10.
Qc2 Rd8 11. Nb3 h6 12. Bf4 e5 13. Be3 b6 14. h3 c4 15. Nbd2 Be6 16. Kh2 Nd7 17. Ne1 Bc5 18. Bxc5 Nxc5 19. Rd1 Nd3 20. Nxd3 Rxd3 21. b3 b5 22. bxc4 bxc4 23. Rfe1 Rad8 24. Bf1 R3d6 25. Nxc4 Rxd1 26. Rxd1 Rxd1 27. Qxd1 Bxc4 28. Bxc4 Na5 29. Bd5 Qxc3 30. Qa4 Qc7 31. Qe8+ Kh7 32. Bxf7 1-0

[Event "Pobeskydi 2026"]
[Site "Frydek-Mistek, Czech Republic"]
[Date "2026.04.04"]
[Round "6.8"]
[White "Durovka, Marek"]
[Black "Janovicek, Lukas"]
[Result "1/2-1/2"]
[TimeControl "90 min+30s/move"]
[WhiteTitle "-"]
[BlackTitle "-"]
[WhiteFideId "14959542"]
[BlackFideId "14975831"]
[WhiteElo "2054"]
[BlackElo "1846"]

1. d4 d5 2. c4 e6 3. Nc3 Nf6 4. cxd5 exd5 5. Bg5 Be7 6. e3 Bf5 7. Bd3 Bxd3 8. Qxd3 c6 9. Nge2 O-O 10.
O-O Nbd7 11. f3 Re8 12. Rae1 Nb6 13. Ng3 h6 14. Bf4 Bd6 15. Bxd6 Qxd6 16. e4 dxe4 17. fxe4 Qd7 18. Rxf6 gxf6 19.
Nf5 Qxf5 20. exf5 Rxe1+ 21. Kf2 Rae8 22. Qg3+ Kh7 23. Qd6 Kg7 24. Qc5 Rc1 25. Qb4 Rce1 26. h3 R1e7 27. a4 Rd7 28.
g4 Nd5 29. Qc4 Nf4 30. Kg3 Red8 31. Ne4 Rxd4 32. Qc2 Nd5 33. Kh4 Ne3 34. Qb1 Rd3 35. Qg1 R8d4 36. Ng3 Rxa4 37. Qf2 Nd5 38. Nh5+ Kf8 39. Qc5+ Ne7 40. Nxf6 Rad4 41. Nh7+ Ke8 42.
Qe5 Rd6 43. f6 Re6 44. Qb8+ Rd8 45. Qxb7 Ng6+ 46. Kh5 Rd3 47. Kxh6 Rxh3+ 48. Kg7 Rxh7+ 49. Kxh7 Rxf6 50. Qc8+ Ke7 51.
Qc7+ Ke8 52. Kg7 Rf4 53. Qxc6+ Ke7 54. Qc5+ Ke6 55. Qe3+ Kd6 56. g5 Rf5 57. b4 Ne7 58. Qxa7 Rxg5+ 59. Kxf7 Nc6 60. Qb6 Kd7 61. b5 Ne5 62. Kf8 Rf5+ 63. Kg7 Rg5 64. Kh7 Rh5 65. Kg7 1/2-1/2

[Event "Pobeskydi 2026"]
[Site "Frydek-Mistek, Czech Republic"]
[Date "2026.04.04"]
[Round "6.9"]
[White "Langmaier, Michal"]
[Black "Plechacek, Matej"]
[Result "0-1"]
[TimeControl "90 min+30s/move"]
[WhiteTitle "-"]
[BlackTitle "-"]
[WhiteFideId "23727705"]
[BlackFideId "23763523"]
[WhiteElo "1949"]
[BlackElo "1801"]

1. d4 d5 2. c4 e6 3. Nc3 Nf6 4. cxd5 exd5 5. Bg5 Be7 6. e3 c6 7. Bd3 h6 8. Bh4 Be6 9. Qc2 O-O 10.
Nf3 Nbd7 11. O-O Bd6 12. Rab1 a5 13. a3 Qb8 14. Bg3 Bxg3 15. hxg3 Qd6 16. Rfc1 Rfc8 17. Na4 b5 18. Nc5 Nb6 19.
Ne5 Nc4 20. Bxc4 dxc4 21. b3 cxb3 22. Nxb3 Qxa3 23. Nc5 Qa2 24. Nxe6 Qxe6 25. Nxc6 b4 26. Qa4 Qd7 27. Qb5 Ne4 28.
Qe5 Rxc6 29. Qxe4 Rac8 30. Rxc6 Qxc6 31. d5 Qc2 32. Qxc2 Rxc2 33. Kh2 Kf8 34. Ra1 Rc5 35. e4 b3 36.
d6 Ke8 37. f4 b2 38. Rb1 Rb5 39. e5 g6 40. g4 a4 41. f5 gxf5 42. gxf5 Kd7 43. e6+ fxe6 44. f6 a3 45. f7 Rf5 0-1

[Event "Pobeskydi 2026"]
[Site "Frydek-Mistek, Czech Republic"]
[Date "2026.04.04"]
[Round "6.10"]
[White "Zemkova, Klara"]
[Black "Vancakova, Veronika"]
[Result "1/2-1/2"]
[TimeControl "90 min+30s/move"]
[WhiteTitle "-"]
[BlackTitle "-"]
[WhiteFideId "344117"]
[BlackFideId "23731907"]
[WhiteElo "1888"]
[BlackElo "1937"]

1. d4 Nf6 2. Nc3 d6 3. e4 e5 4. dxe5 dxe5 5. Qxd8+ Kxd8 6. Bg5 c6 7. Nf3 Bd6 8. O-O-O Ke7 9.
Bc4 Be6 10. Bxe6 fxe6 11. Rd2 b5 12. Rhd1 Bc7 13. Bh4 a6 14. g4 c5 15. g5 Nh5 16. g6+ Nf6 17. gxh7 Rxh7 18. Bg5 Rh3 19.
Nh4 Rxh2 20. Rg1 Kf7 21. Nf3 Rh8 22. Be3 Nbd7 23. Ng5+ Ke7 24. Nf3 Rhg8 25. Bg5 c4 26. Nh4 Rad8 27.
Rgd1 Kf7 28. Nf3 Ke8 29. Bh4 Ke7 30. Rg1 Rc8 31. Rg5 Bb8 32. Rd1 Ke8 33. a3 Kf7 34. Rdg1 Rc5 35. R5g2 Rcc8 36.
Ng5+ Ke7 37. Nh7 Kf7 38. Ng5+ 1/2-1/2

[Event "Pobeskydi 2026"]
[Site "Frydek-Mistek, Czech Republic"]
[Date "2026.04.04"]
[Round "6.11"]
[White "Srnak, Martin"]
[Black "Sarkozi, Szabolcs"]
[Result "1/2-1/2"]
[TimeControl "90 min+30s/move"]
[WhiteTitle "-"]
[BlackTitle "-"]
[WhiteFideId "14973308"]
[BlackFideId "14941660"]
[WhiteElo "1837"]
[BlackElo "2117"]

1. d4 e6 2. c4 d5 3. e3 c6 4. Nf3 f5 5. Bd3 Nf6 6. b3 Bd6 7. O-O Qe7 8. Ne5 Nbd7 9. f4 O-O 10.
Nd2 Ne4 11. Nxe4 fxe4 12. Bc2 Nf6 13. Bd2 Bd7 14. c5 Bc7 15. Qe2 Be8 16. Be1 Bxe5 17. fxe5 Bh5 18. Qd2 Nd7 19. Bg3 Rxf1+ 20. Rxf1 Rf8 21. Rxf8+ Qxf8 22. Bd1 Bxd1 23. Qxd1 b6 24. b4 bxc5 25. bxc5 Qb8 26. Qb3 Kf7 27. Qxb8 Nxb8 28. Be1 Ke7 29.
Kf2 Na6 30. Ke2 Nc7 31. a4 h5 32. g3 Kf7 33. h3 Kg6 34. Kf2 Kg5 35. Kg2 g6 36. Kf2 Ne8 37. Kg2 Ng7 38. Bf2 Nf5 39.
Kh2 Ng7 40. Kg2 Kf5 41. Kh2 Ne8 42. Kg2 Nc7 43. Be1 g5 44. Kh2 g4 45. h4 Kg6 46. Kg2 Kf7 47. Kf2 Ke8 48. Ke2 Kd7 49.
Kd2 Kc8 50. Kc3 Kb7 51. Kb4 Ka6 52. Kb3 Ne8 53. Kb4 Ng7 54. Bf2 Nf5 55. Kb3 Nh6 56. Kb4 Nf7 57. Be1 Nd8 58. Kb3 Nb7 59.
Bc3 Na5+ 60. Bxa5 Kxa5 61. Ka3 a6 62. Kb3 1/2-1/2

[Event "Pobeskydi 2026"]
[Site "Frydek-Mistek, Czech Republic"]
[Date "2026.04.05"]
[Round "7.1"]
[White "Szumiec, Jan"]
[Black "Gnojek, Petr"]
[Result "0-1"]
[TimeControl "90 min+30s/move"]
[WhiteTitle "-"]
[BlackTitle "-"]
[WhiteFideId "41815661"]
[BlackFideId "371807"]
[WhiteElo "1826"]
[BlackElo "2401"]

1. e4 d6 2. d4 Nf6 3. Nc3 g6 4. Nf3 Bg7 5. Be3 c6 6. Qd2 b5 7. Bd3 O-O 8. Bh6 Bg4 9. h4 Bxf3 10.
gxf3 Nbd7 11. O-O-O e5 12. h5 exd4 13. Bxg7 Kxg7 14. hxg6 fxg6 15. Qh6+ Kf7 16. Ne2 c5 17. Bxb5 Ne5 18.
f4 Neg4 19. Bc4+ d5 20. Bxd5+ Qxd5 21. Qxf8+ Rxf8 22. exd5 Nxf2 23. c3 Re8 24. cxd4 Rxe2 25. Rh2 cxd4 26. Kb1 d3 27. Rxd3 Re1+ 28.
Kc2 Nxd3 29. Kxd3 Rd1+ 30. Kc4 h5 31. b4 Nxd5 32. a4 Nxf4 33. a5 g5 34. b5 Ke6 35. b6 axb6 36. axb6 Rb1 37.
Kc5 g4 38. Kc6 g3 39. Rd2 g2 40. Rd6 Kf5 41. Rd1 Rxd1 42. b7 Rb1 43. b8=Q Rxb8 44. Kc7 g1=Q 45. Kxb8 Qg7 46. Ka8 Nd5 47.
Kb8 Qc7+ 0-1

[Event "Pobeskydi 2026"]
[Site "Frydek-Mistek, Czech Republic"]
[Date "2026.04.05"]
[Round "7.2"]
[White "Plechacek, Matej"]
[Black "Walek, Petr"]
[Result "0-1"]
[TimeControl "90 min+30s/move"]
[WhiteTitle "-"]
[BlackTitle "-"]
[WhiteFideId "23763523"]
[BlackFideId "339393"]
[WhiteElo "1801"]
[BlackElo "2304"]

1. d4 f5 2. Qd3 e6 3. g4 d5 4.
gxf5 exf5 5. Nf3 Nf6 6. Bg5 Be7 7. c4 c6 8. Nc3 Be6 9. Bxf6 Bxf6 10. cxd5 cxd5 11. Bg2 Nc6 12. e3 Qd7 13.
a3 O-O 14. Ne2 Rac8 15. Nf4 Rfe8 16. h4 Bf7 17. Kf1 g6 18. Nd2 Na5 19. Nb3 Nxb3 20. Qxb3 Rc4 21. Bf3 Rec8 22. Kg2 b6 23.
Be2 Rc2 24. Bd3 R2c7 25. Ba6 Rd8 26. Be2 Qd6 27. Bf3 h6 28. Qd3 Rc4 29. Ne2 Qd7 30. Ng3 f4 31. Ne2 fxe3 32. fxe3 Rdc8 33.
Nf4 Rc2+ 34. Kg3 Qd6 35. Bd1 Rxb2 36. Kf3 Bg7 37. Rg1 Rh2 38. Kg3 Rb2 39. Kf3 Qf6 40. Rb1 Rxb1 41. Qxb1 g5 42.
hxg5 hxg5 43. Bc2 Bh5+ 44. Kf2 gxf4 45. Bf5 fxe3+ 46. Kf1 Rf8 0-1

[Event "Pobeskydi 2026"]
[Site "Frydek-Mistek, Czech Republic"]
[Date "2026.04.05"]
[Round "7.3"]
[White "Karas, Marek"]
[Black "Zemkova, Klara"]
[Result "1-0"]
[TimeControl "90 min+30s/move"]
[WhiteTitle "-"]
[BlackTitle "-"]
[WhiteFideId "14928558"]
[BlackFideId "344117"]
[WhiteElo "2232"]
[BlackElo "1888"]

1. d4 f5 2. Qd3 d5 3. Nf3 Nf6 4. c4 e6 5. Bf4 Bd6 6.
g3 O-O 7. Bg2 Nbd7 8. Bxd6 cxd6 9. cxd5 Nxd5 10. O-O N7f6 11. Nc3 Bd7 12. Ng5 Nxc3 13. bxc3 h6 14. Nf3 Bc6 15. c4 Be4 16.
Qe3 Ng4 17. Qb3 b6 18. Bh3 Qe8 19. Nd2 Bb7 20. Bg2 Bxg2 21. Kxg2 Qh5 22. Nf3 Kh8 23. Qa3 e5 24. h3 e4 25.
Ng1 Nf6 26. Qxd6 Rad8 27. Qa3 Rde8 28. f4 g5 29. Qe3 Rg8 30. Rf2 Re7 31. a4 gxf4 32. Qxf4 Reg7 33. Ra3 e3 34. Rxe3 Ne4 35.
Rff3 Nd2 36. Re6 Nxf3 37. Rxh6+ Qxh6 38. Qxh6+ Rh7 39. Qf6+ 1-0

[Event "Pobeskydi 2026"]
[Site "Frydek-Mistek, Czech Republic"]
[Date "2026.04.05"]
[Round "7.4"]
[White "Durana, Jonas"]
[Black "Szczygiel, Filip"]
[Result "0-1"]
[TimeControl "90 min+30s/move"]
[WhiteTitle "-"]
[BlackTitle "-"]
[WhiteFideId "73619663"]
[BlackFideId "41897307"]
[WhiteElo "2183"]
[BlackElo "1809"]

1. e4 g6 2. d4 Bg7 3. Nf3 d6 4. Nc3 a6 5. a4 Nf6 6. Be3 O-O 7. h3 Nc6 8. Be2 e5 9. d5 Ne7 10.
Qd2 Nxe4 11. Nxe4 f5 12. g4 f4 13. Bb6 cxb6 14. Qb4 Qc7 15. O-O-O Rd8 16. b3 b5 17. axb5 axb5 18. Qxb5 Bf5 19.
Nfg5 f3 20. Bc4 Bh6 21. gxf5 Ra5 22. Qb4 b5 23. f6 Nf5 24. Bd3 Qa7 25. h4 Rc8 26. f7+ Kf8 27. Nxd6 Ra1+ 28. Kd2 Qxf2+ 0-1

[Event "Pobeskydi 2026"]
[Site "Frydek-Mistek, Czech Republic"]
[Date "2026.04.05"]
[Round "7.5"]
[White "Vanek, Martin"]
[Black "Boff, Ondrej"]
[Result "1-0"]
[TimeControl "90 min+30s/move"]
[WhiteTitle "-"]
[BlackTitle "-"]
[WhiteFideId "23769238"]
[BlackFideId "23733950"]
[WhiteElo "1905"]
[BlackElo "2101"]

1. d4 Nf6 2. c4 c5 3. d5 b5 4. cxb5 a6 5. e3 axb5 6. Bxb5 Qa5+ 7. Nc3 Bb7 8. Bd2 Qb6 9. Nf3 Nxd5 10.
a4 Nxc3 11. Bxc3 Bc6 12. Bxc6 Nxc6 13. O-O d6 14. e4 e6 15. Nd2 Na5 16. f4 O-O-O 17. Qc2 Rd7 18. Kh1 Rc7 19. Rfb1 f6 20.
Qd3 d5 21. exd5 exd5 22. Qxd5 Be7 23. Qa8+ 1-0